 Seeded DCSS version 0.30-a0-377-g5cb311b (webtiles) character file.

Game seed: 5008941205017915560 (custom seed)

2132 edsrzf the Carver (level 9, -7/69 HPs)
             Began as a Mummy Fighter on Nov 30, 2022.
             Was a Priest of Okawaru.
             Shot with an arrow by a centaur (11 damage)
             ... on level 8 of the Dungeon.
             The game lasted 00:15:53 (8052 turns).

edsrzf the Carver (Mummy Fighter)                   Turns: 8052, Time: 00:15:54

Health: -7/69      AC: 10    Str: 31    XL:     9   Next: 9%
Magic:  9/9        EV:  9    Int:  9    God:    Okawaru [***...]
Gold:   415        SH:  4    Dex: 11    Spells: 8/8 levels left

rFire   x . .      SeeInvis .    a - +1 scimitar
rCold   + + .      Faith    +    c - +0 buckler
rNeg    + + +      Spirit   .    b - +0 scale mail
rPois   ∞          Reflect  .    e - +2 helmet "Don Emak" {Str+9 Stlth+}
rElec   .          Harm     .    (no cloak)
rCorr   .          Rampage  .    (no gloves)
Will    +....                    (no boots)
Stlth   +.........               (no amulet)
HPRegen 0.31/turn                g - ring of flight
MPRegen 0.11/turn                q - ring of protection from cold

@: flying
A: cold resistance 1, negative energy resistance 3, torment resistance 2, heat
vulnerability 1, in touch with death 1, no potions, faith
a: Renounce Religion, Heroism


You were on level 8 of the Dungeon.
You worshipped Okawaru.
Okawaru was most pleased with you.
You visited 1 branch of the dungeon, and saw 8 of its levels.

You collected 415 gold pieces.

Inventory:

Hand Weapons
 a - a +1 scimitar (weapon)
 s - a +0 dagger of venom
Missiles
 h - 11 poisoned darts (quivered)
 r - a curare-tipped dart
Armour
 b - a +0 scale mail (worn)
 c - a +0 buckler (worn)
 e - the +2 helmet "Don Emak" (worn) {Str+9 Stlth+}
   (You found it on level 5 of the Dungeon)

   Str:       It affects your strength (+9).
   Stlth:     It makes you more stealthy.
Jewellery
 g - a ring of flight (left hand)
 q - a ring of protection from cold (right hand)
Scrolls
 d - a scroll of teleportation {@r3}
 i - a scroll of amnesia
 j - a scroll of noise {unknown}
 k - a scroll of enchant weapon {unknown}
 l - 2 scrolls of silence {!r}
 m - 2 scrolls of enchant armour
 n - 2 scrolls of fear {unknown}
 p - 2 scrolls of immolation {unknown}


   Skills:
 - Level 6.1 Fighting
 + Level 8.0 Long Blades
 - Level 5.0 Armour
 - Level 2.4 Shields


You had 8 spell levels left.
You didn't know any spells.
Your spell library contained the following spells:

 Spells                   Type           Power      Damage    Failure   Level
 Kiss of Death            Conj/Necr      0%         2d5       71%         1
 Ensorcelled Hibernation  Hex/Ice        0%         N/A       85%         2
 Passwall                 Tmut/Erth      0%         N/A       85%         2
 Confusing Touch          Hex            0%         N/A       97%         3
 Swiftness                Air            0%         N/A       97%         3
 Dispel Undead            Necr           0%         3d6       100%        4


Dungeon Overview and Level Annotations

Branches:
Dungeon (8/15)             Temple (0/1) D:6
   Lair: D:8-11

Altars:
Ashenzari
Okawaru
Wu Jian
Xom
Yredelemnul

Shops:
D:6 !

Annotations:
D:4 Ijyb


Innate Abilities, Weirdness & Mutations

You are immune to poison.
Your flesh is cold resistant. (rC+)
You are immune to negative energy. (rN+++)
You are immune to unholy pain and torment.
You are vulnerable to heat. (rF-)
You are in touch with the powers of death.
You do not drink.
You have a special connection with the divine. (Faith)


Message History

The gnoll closely misses you.
You slash the gnoll!
You kill the gnoll!
Okawaru accepts your kill.
You see here a +0 whip.
Unknown command.
There is a stone staircase leading down here.
You fly downwards.
You hear the roar of battle.
There is an entrance to a bailey on this level.
Hurry and find it before the portal closes forever!
The yak gores you. x2
The gnoll hits you from afar with a +0 spear.
The gnoll sergeant hits you from afar with a +0 spear!
You block the gnoll's attack.
There is a stone staircase leading up here.
Unknown command.
The gnoll hits you but does no damage. x2
The gnoll sergeant barely misses you. The yak gores you.
You fly upwards.
There is a stone staircase leading down here.
You slash the yak!
The yak is moderately wounded.
The yak closely misses you.
You hit the yak.
The yak is moderately wounded.
The yak gores you!
You hit the yak but do no damage.
The yak is moderately wounded.
The yak gores you but does no damage.
You slash the yak!
The yak is severely wounded.
The yak gores you!
You barely miss the yak.
The yak is severely wounded.
The yak closely misses you.
You hit the yak but do no damage.
The yak is severely wounded.
You block the yak's attack.
You closely miss the yak.
The yak is severely wounded.
The yak gores you.
You hit the yak.
The yak is severely wounded.
The yak closely misses you.
You slash the yak!
You kill the yak!
Okawaru accepts your kill.
Your Long Blades skill increases to level 8!
Unknown command.
You start resting.
HP restored.
You fly downwards.
You hear the roar of battle.
There is an entrance to a bailey on this level.
Hurry and find it before the portal closes forever!
You hear the creaking of a very distant portcullis.
The ufetubus shouts!
The yak gores you.
The gnoll sergeant hits you from afar with a +0 spear.
The yak gores you but does no damage.
There is a stone staircase leading up here.
The yak gores you. The yak gores you!
The gnoll hits you from afar with a +0 spear. x2
The gnoll sergeant hits you from afar with a +0 spear.
You fly upwards.
There is a stone staircase leading down here.
The yak gores you.
You see here a yak corpse.
The yak attacks as you move away! You block the yak's attack.
The yak attacks as you move away! The yak gores you but does no damage.
You closely miss the yak. The yak barely misses you.
You barely miss the yak. The yak gores you!
You hit the yak but do no damage. The yak gores you!
* * * LOW HITPOINT WARNING * * *
Okay, then.
You can't drink.
Unknown command.
As you read the scroll of teleportation {@r3}, it crumbles to dust.
You feel strangely unstable. The yak completely misses you.
The yak attacks as you move away! The yak gores you!
* * * LOW HITPOINT WARNING * * *
Your surroundings suddenly seem different.
Items here: )) [[.
There is a stone staircase leading down here.
You fly downwards.
You hear the roar of battle.
There is an entrance to a bailey on this level.
Hurry and find it before the portal closes forever!
You hear the steady creaking of a very distant portcullis.
The centaur shouts!
The centaur shoots an arrow.
The arrow hits you!
* * * LOW HITPOINT WARNING * * *
The centaur shoots an arrow.
The arrow hits you!
* * * LOW HITPOINT WARNING * * *
There is a stone staircase leading up here.
You can't drink.
Unknown command.
Okay, then.
As you read the scroll of fog, it crumbles to dust.
The scroll dissolves into smoke.
The centaur shoots an arrow.
The arrow hits you!
You die...

*
*,,,.........>......#**,,,,,,,,
*,,,................# *,,,,*,,,
***,,,................#
**,****,*
,,,,**##....)...c....###**,*
***
,*****#................#,,,*
******.......##.........,***
**,,,,...##.#*#...§.....**
,,,,,,.,,*#.* #§§§§.....*
**,,,,,,,,.,* #§@§.....#*
**,,,,,,,##** #§§§§....#
*,,,,,,,* #§T§.....# **,,,,,,,*
#........# 8*,,,,,,,*
#........# ,*,,,,,,,*
########## ,+,,,,,,,*
,********* 8*


You could see a troll and a centaur.

Vanquished Creatures
  A yak (D:7)
  A wyvern (D:7)
  Menkaure (D:4)
  2 water moccasins (D:7)
  2 ogres (D:5)
  A centaur (D:4)
  2 phantoms
  A kobold brigand (D:7)
  2 scorpions
  10 wights
  2 jellies
  3 hounds
  An iguana (D:4)
  2 orc wizards
  A gnoll (D:7)
  4 adders
  2 white imps (D:6)
  3 worms
  5 dart slugs
  16 orcs
  7 endoplasms
  2 giant cockroaches
  5 hobgoblins
  2 jackals (D:1)
  14 kobolds
  2 quokkas
  7 ball pythons
  7 bats
  5 frilled lizards
  9 goblins
  6 rats
128 creatures vanquished.

Vanquished Creatures (others)
  A demonic plant (D:8)
  11 plants (D:6)
12 creatures vanquished.

Grand Total: 140 creatures vanquished

Notes
Turn   | Place    | Note
-------+----------+-------------------------------------------
     0 | D:1      | edsrzf the Mummy Fighter began the quest for the Orb.
     0 | D:1      | Reached XP level 1. HP: 18/18 MP: 1/1
   135 | D:1      | Found a faded altar of an unknown god.
   167 | D:1      | Reached skill level 2 in Long Blades
   257 | D:1      | Reached XP level 2. HP: 24/24 MP: 2/2
   978 | D:2      | Gained mutation: You are in touch with the powers of death.
                  | [Mummy growth]
   978 | D:2      | Reached XP level 3. HP: 29/29 MP: 3/3
  1113 | D:2      | Reached skill level 3 in Long Blades
  1624 | D:2      | Found a shimmering altar of Xom.
  1879 | D:3      | Reached XP level 4. HP: 35/35 MP: 4/4
  2128 | D:3      | Found a basalt altar of Yredelemnul.
  2751 | D:4      | Reached skill level 4 in Long Blades
  2891 | D:4      | Noticed a phantom
  2907 | D:4      | Killed a phantom
  2908 | D:4      | Reached XP level 5. HP: 12/41 MP: 5/5
  3119 | D:4      | Noticed Menkaure
  3127 | D:4      | Killed Menkaure
  3128 | D:4      | Reached skill level 5 in Long Blades
  3128 | D:4      | Reached XP level 6. HP: 34/47 MP: 6/6
  3255 | D:4      | Noticed Ijyb
  3260 | D:4      | Identified 4 scrolls of identify
  3260 | D:4      | Identified 3 scrolls of teleportation
  3361 | D:4      | Found an iron altar of Okawaru.
  3386 | D:4      | Became a worshipper of Warmaster Okawaru
  3394 | D:4      | Found a broken altar of Ashenzari.
  3529 | D:4      | Reached skill level 6 in Long Blades
  3698 | D:4      | Reached XP level 7. HP: 37/52 MP: 7/7
  3987 | D:4      | Reached skill level 7 in Long Blades
  4282 | D:5      | Entered Level 5 of the Dungeon
  4374 | D:5      | Found an ornate altar of the Wu Jian Council.
  4667 | D:5      | Reached * piety under Okawaru
  4668 | D:5      | Reached skill level 3 in Armour
  4670 | D:5      | Reached skill level 4 in Fighting
  4966 | D:5      | Identified a scroll of enchant armour
  4967 | D:5      | Identified a scroll of silence
  4968 | D:5      | Identified a scroll of magic mapping
  4969 | D:5      | Identified a scroll of amnesia
  4970 | D:5      | Identified a scroll of summoning
  5031 | D:5      | Reached XP level 8. HP: 53/60 MP: 8/8
  5495 | D:5      | Identified the +2 helmet "Don Emak" {Str+9 Stlth+}
  5770 | D:6      | Found Unladod's Distillery.
  5865 | D:6      | Reached skill level 4 in Armour
  6073 | D:6      | Found a staircase to the Ecumenical Temple.
  6239 | D:7      | Reached ** piety under Okawaru
  6240 | D:7      | Reached skill level 5 in Fighting
  6791 | D:7      | Reached skill level 6 in Fighting
  6910 | D:7      | Reached skill level 5 in Armour
  7315 | D:7      | Reached *** piety under Okawaru
  7639 | D:7      | Reached XP level 9. HP: 66/69 MP: 9/9
  7757 | D:8      | Identified a scroll of fog
  7761 | D:8      | Noticed a troll
  7852 | D:7      | Reached skill level 8 in Long Blades
  8052 | D:8      | Shot with an arrow by a centaur

Illustrated notes

Levels and vault maps discovered:
D:1:      nzn_arrival_depleted_hourglass, layout_basic,
          nicolae_ecumenical_lake_church, st_stairs_5, minmay_tromino_mix6
D:2:      minmay_general_purpose_star, layout_basic, basic_altar
D:3:      layout_basic, mainiacjoe_overflow_concentric_impassable
D:4:      layout_basic, mainiacjoe_overflow_big_doors, minmay_unequal,
          uniq_menkaure, uniq_ijyb
D:5:      layout_basic, kennysheep_mini_moat
D:6:      layout_loops_ring, lemuel_temple_firewalk_a, serial_shops, shop,
          serial_bayou_ford_a
D:7:      layout_basic
D:8:      layout_rooms, zin_angel, enter_bailey_2, serial_demonic,
          serial_demonic_b, serial_demonic_a, serial_demonic_c,
          serial_demonic_a, serial_demonic_e, serial_demonic_b,
          serial_demonic_g, serial_demonic_b, ebering_ghost_reflecting_pool

Skill      XL: |  1  2  3  4  5  6  7  8  9 |
---------------+----------------------------+-----
Long Blades    | 2 3 4 5 6 7 8 |  8.0
Armour         | 3 5 |  5.0
Fighting       | 4 6 |  6.1
Shields        | |  2.4

Action                   |  1- 3 |  4- 6 |  7- 9 || total
-------------------------+-------+-------+-------++-------
Melee: Long sword        |   125 |   136 |    15 ||   276
       Scimitar          |       |       |   286 ||   286
Throw: Dart              |       |     1 |    17 ||    18
  Use: Scroll            |       |     2 |    10 ||    12
Armor: Scale mail        |    66 |    48 |   100 ||   214
Dodge: Dodged            |    51 |    44 |   110 ||   205
Block: Buckler           |    26 |    29 |    52 ||   107

Table legend: (Time is in decaauts)
 A = Elapsed time spent in this place.
 B = Non-inter-level travel time spent in this place.
 C = Inter-level travel time spent in this place.
 D = Time resting spent in this place.
 E = Time spent auto-exploring this place.
 F = Levels seen in this place.
 G = Mean time per level.
                   A        B        C        D        E       F      G
               +--------+--------+--------+--------+--------+-----+--------+
         Total |   8151 |   7846 |    305 |   1492 |   4169 |   8 | 1018.9 |
       Dungeon |   8151 |   7846 |    305 |   1492 |   4169 |   8 | 1018.9 |
               +--------+--------+--------+--------+--------+-----+--------+

Top non-repeatable levels by time:
     D:7: 1831 daAuts
     D:4: 1640 daAuts
     D:5: 1312 daAuts
     D:1: 998 daAuts
     D:3: 898 daAuts
     D:2: 872 daAuts
     D:6: 574 daAuts
     D:8: 23 daAuts
